 Dungeon Crawl Stone Soup version 0.29-a0-91-gdebf4667c2 (webtiles) character file.

Game seed: 15047231849064885775

138 senseless the Covered (level 5, -19/47 HPs)
             Began as a Minotaur Fighter on Feb 8, 2022.
             Was a Believer of Trog.
             Killed from afar by Ijyb (20 damage)
             ... with a bolt of acid
             ... on level 3 of the Dungeon.
             The game lasted 00:03:10 (2347 turns).

senseless the Covered (Minotaur Fighter)            Turns: 2347, Time: 00:03:10

Health: -19/47     AC:  9    Str: 23    XL:     5   Next: 1%
Magic:  4/4        EV:  9    Int:  5    God:    Trog [**....]
Gold:   128        SH:  4    Dex:  9    Spells: 4/4 levels left

rFire   . . .      SeeInvis .   a - +1 war axe
rCold   . . .      Faith    .   c - +0 buckler
rNeg    . . .      Spirit   .   b - +0 scale mail
rPois   .          Reflect  .   (helmet restricted)
rElec   .          Harm     .   k - +0 cloak
rCorr   .          Rampage  .   f - +0 pair of gloves
Will    .....                   (no boots)
Stlth   ..........              (no amulet)
HPRegen 0.15/turn               (no ring)
MPRegen 0.09/turn               (no ring)

@: mighty, lethally poisoned (-19 -> -30)
A: horns 2, retaliatory headbutt
a: Renounce Religion, Berserk, Trog's Hand


You were on level 3 of the Dungeon.
You worshipped Trog.
Trog was pleased with you.
You visited 1 branch of the dungeon, and saw 3 of its levels.

You collected 128 gold pieces.

Inventory:

Hand Weapons
 a - a +1 war axe (weapon)
Armour
 b - a +0 scale mail (worn)
 c - a +0 buckler (worn)
 f - a +0 pair of gloves (worn)
 k - a +0 cloak (worn)
Scrolls
 e - a scroll of magic mapping {unknown}
 j - a scroll of immolation {unknown}
 m - a scroll of identify {unknown}
Potions
 g - a potion of curing {unknown}
 h - a potion of flight {unknown}
 i - a potion of brilliance {unknown}
 l - a potion of mutation {unknown}


   Skills:
 + Level 4.3 Fighting
 + Level 4.3 Axes
 + Level 4.5 Armour
 + Level 0.1 Stealth
 + Level 4.4 Shields


You had 4 spell levels left.
You didn't know any spells.
Your spell library was empty.

Dungeon Overview and Level Annotations

Branches:
Dungeon (3/15)

Altars:
Trog

Annotations:
D:3 Ijyb


Innate Abilities, Weirdness & Mutations

You have a pair of horns on your head.
You reflexively headbutt those who attack you in melee.


Message History

You have reached level 5!
Things that are here:
a +0 flail; an orc corpse Ijyb the Twisted Goblin comes into view.
She is wielding a +0 dagger of venom and carrying a wand of acid (6).
Ijyb shouts!
Items here: ))) ††.
Okay, then.
Found a potion of might.
Ijyb hits you with a +0 dagger of venom.
You hit Ijyb but do no damage.
Ijyb hits you with a +0 dagger of venom.
You are poisoned.
You closely miss Ijyb.
You feel sick. Ijyb screams, "I no like you!" Ijyb hits you but does no damage.
Ijyb barely misses you. You furiously retaliate!
You headbutt Ijyb. You closely miss Ijyb.
Ijyb is lightly wounded.
You feel sick. Ijyb hits you but does no damage.
You are more poisoned.
You closely miss Ijyb.
Ijyb is lightly wounded.
You feel very sick.
Ijyb zaps a wand.
The bolt of acid hits you!!
Ouch! That really hurt!
* * * LOW HITPOINT WARNING * * *
You are too injured to fight recklessly!
Unknown command.
You feel very mighty all of a sudden.
* * * LOW HITPOINT WARNING * * *
You feel very sick.
Ijyb hits you with a +0 dagger of venom.
* * * LOW HITPOINT WARNING * * *
You are more poisoned.
You slash Ijyb!
Ijyb is heavily wounded.
* * * LOW HITPOINT WARNING * * *
You feel very sick. Ijyb hits you but does no damage.
Ijyb zaps a wand.
The bolt of acid hits you!!
You die...

#.###########..######
#....................
##.##########.#.######
#...# #.#.# # ##.##
#.#.# # #.# #.#.# #
#..####)## ###.... #
#.....)).####....#.###
# #.........@g...!...#
. #######.##########.#
# #.. ###


You could see Ijyb.

Vanquished Creatures
  An orc priest (D:3)
  Robin (D:3)
  3 adders
  5 worms (D:2)
  4 orcs (D:3)
  An endoplasm (D:2)
  A giant cockroach (D:1)
  10 goblins
  5 hobgoblins
  3 jackals (D:2)
  3 quokkas
  7 ball pythons
  4 kobolds
  2 rats
50 creatures vanquished.

Notes
Turn   | Place    | Note
-------+----------+-------------------------------------------
     0 | D:1      | senseless the Minotaur Fighter began the quest for the Orb.
     0 | D:1      | Reached XP level 1. HP: 19/19 MP: 0/0
   443 | D:1      | Reached XP level 2. HP: 25/27 MP: 1/1
   681 | D:1      | Found a faded altar of an unknown god.
   684 | D:1      | Prayed at the altar of an unknown god.
   684 | D:1      | Became a worshipper of Trog the Wrathful
   684 | D:1      | Reached * piety under Trog
  1231 | D:2      | Reached XP level 3. HP: 33/33 MP: 2/2
  1872 | D:3      | Reached XP level 4. HP: 40/40 MP: 3/3
  1876 | D:3      | Noticed Robin
  1880 | D:3      | Reached ** piety under Trog
  1896 | D:3      | Killed Robin
  2241 | D:3      | Reached XP level 5. HP: 32/47 MP: 4/4
  2338 | D:3      | Noticed Ijyb
  2347 | D:3      | HP: 1/47 [poisoned by Ijyb]
  2347 | D:3      | Killed from afar by Ijyb

Illustrated notes

Levels and vault maps discovered:
D:1:      psy_arrival_fountain, layout_loops_corners,
          hellmonk_ecumenical_altar_inner_sanctum
D:2:      layout_basic
D:3:      minmay_evil_eye, layout_loops_ring, uniq_natasha, uniq_robin,
          uniq_ijyb

Skill      XL: |  1  2  3  4 |
---------------+-------------+-----
Shields        | 4 |  4.4
Armour         | 4 |  4.5
Axes           | 3 4 |  4.3
Fighting       | 4 |  4.3
Stealth        | |  0.1

Action                   |  1- 3 |  4- 6 || total
-------------------------+-------+-------++-------
Melee: War axe           |    81 |    39 ||   120
       Headbutt          |    10 |     1 ||    11
  Use: Scroll            |     2 |       ||     2
       Potion            |       |     1 ||     1
Armor: Scale mail        |    28 |    26 ||    54
Dodge: Dodged            |    39 |    23 ||    62
Block: Buckler           |    23 |     7 ||    30

Table legend: (Time is in decaauts)
 A = Elapsed time spent in this place.
 B = Non-inter-level travel time spent in this place.
 C = Inter-level travel time spent in this place.
 D = Time resting spent in this place.
 E = Time spent auto-exploring this place.
 F = Levels seen in this place.
 G = Mean time per level.
                   A        B        C        D        E       F      G
               +--------+--------+--------+--------+--------+-----+--------+
         Total |   2393 |   2352 |     41 |      0 |   2044 |   3 |  797.7 |
       Dungeon |   2393 |   2352 |     41 |      0 |   2044 |   3 |  797.7 |
               +--------+--------+--------+--------+--------+-----+--------+

Top non-repeatable levels by time:
     D:1: 968 daAuts
     D:2: 924 daAuts
     D:3: 500 daAuts
